 Dungeon Sprint DCSS version 0.25-a0-502-g6516661 (webtiles) character file.

Game seed: 15449232800795797590, levelgen mode: deterministic

1882 Faca the Warrior (level 9, -2/89 HPs)
             Began as a Formicid Fighter on Feb 12, 2020.
             Was a Priest of Okawaru.
             Slain by a five-headed hydra (10 damage)
             ... in the Dungeon (Sprint IX: "|||||||||||||||||||||||||||||").
             The game lasted 00:02:04 (354 turns).

Faca the Warrior (Formicid Fighter)                  Turns: 354, Time: 00:02:04

Health: -2/89      AC: 17    Str: 28    XL:     9   Next: 36%
Magic:  7/9        EV:  9    Int:  7    God:    Okawaru [***...]
Gold:   0          SH: 12    Dex: 10    Spells: 8/8 levels left

rFire    . . .     SeeInvis +   a - +0 trident
rCold    . . .     Gourm    .   c - +0 kite shield
rNeg     . . .     Faith    .   s - +0 plate armour
rPois    .         Spirit   .   (helmet unavailable)
rElec    .         Reflect  .   (no cloak)
rCorr    .         Harm     .   r - +0 pair of gloves
MR       .....                  (no boots)
Stlth    ..........             (no amulet)
HPRegen  0.24/turn              u - +2 ring of protection
MPRegen  0.11/turn              t - +3 ring of strength

@: heroism
A: permanent stasis, dig shafts and tunnels, four strong arms, antennae 3
a: Dig, Heroism, Renounce Religion


You were in the Dungeon.
You worshipped Okawaru.
Okawaru was most pleased with you.
You were not hungry.

You visited 1 branch

Inventory:

Hand Weapons
 a - a +0 trident (weapon)
 p - a +2 vorpal halberd
Armour
 c - a +0 kite shield (worn)
 r - a +0 pair of gloves (worn)
 s - a +0 plate armour (worn)
Jewellery
 t - a +3 ring of strength (right hand)
 u - a +2 ring of protection (left hand)
Wands
 o - a wand of iceblast (10)
Scrolls
 m - 3 scrolls of remove curse
 n - 2 scrolls of amnesia
Potions
 e - 5 potions of curing
 g - 3 potions of heal wounds
 i - 4 potions of magic
 l - a potion of invisibility


   Skills:
 + Level 15.0(20.0) Fighting
 + Level 13.8(18.8) Polearms
 - Level 3.2(8.2) Armour
 - Level 3.6(8.6) Shields


You had 8 spell levels left.
You didn't know any spells.
Your spell library was empty.

Dungeon Overview and Level Annotations

Branches:
Dungeon (1/1)

Altars:
Cheibriados
Dithmenos
Elyvilon
Fedhas
Gozag
Hepliaklqana
Kikubaaqudgha
Makhleb
Nemelex Xobeh
Okawaru
Qazlal
Ru
Sif Muna
Trog
Uskayaw
Vehumet
Wu Jian
Xom
Yredelemnul
Zin
The Shining One
Beogh
Jiyva
Lugonu


Innate Abilities, Weirdness & Mutations

You cannot be hasted, slowed, berserked, paralysed or teleported.
You can dig through walls and to a lower floor.
Your four strong arms can wield two-handed weapons with a shield.
You have a pair of large antennae on your head. (SInv)


Message History

You puncture the five-headed hydra!
The five-headed hydra is severely wounded.
The five-headed hydra bites you.
* * * LOW HITPOINT WARNING * * *
The five-headed hydra bites you.
* * * LOW HITPOINT WARNING * * *
You block the five-headed hydra's attack.
The five-headed hydra bites you but does no damage.
The five-headed hydra bites you.
* * * LOW HITPOINT WARNING * * *
You barely miss the five-headed hydra.
The five-headed hydra is severely wounded.
You hit the five-headed hydra.
The five-headed hydra is severely wounded.
The five-headed hydra bites you but does no damage.
You block the five-headed hydra's attack.
The five-headed hydra bites you!
* * * LOW HITPOINT WARNING * * *
The five-headed hydra bites you!
You die... ▓▓▓▓▓▓▓▓▓▓▓▓▓▓▓▓▓▓▓▓▓▓▓▓ '..|)[..?.))....@DT9Hh.. ▓▓▓▓▓▓▓▓▓▓▓▓▓▓▓▓▓▓▓▓▓▓▓▓ {{{{{{{{

You could see a five-headed hydra, a manticore, a troll, a gargoyle and a hound.

Vanquished Creatures
  A two-headed ogre (D)
  An unseen horror (D)
  A troll (D)
  2 hungry ghosts (D)
  2 ogres (D)
  A centaur (D)
  A hound (D)
  A shadow imp (D)
  An ooze (D)
  An orc (D)
  A goblin (D)
  A hobgoblin (D)
  2 kobolds (D)
  A jackal skeleton (D)
17 creatures vanquished.

Notes
Turn   | Place    | Note
-------+----------+-------------------------------------------
     0 | D        | Faca the Formicid Fighter began the quest for the Orb.
     0 | D        | Reached XP level 1. HP: 18/18 MP: 1/1
    12 | D        | Reached skill level 4 in Fighting
    12 | D        | Reached XP level 2. HP: 25/26 MP: 2/2
    64 | D        | Noticed a centaur
    64 | D        | Noticed an ogre
    71 | D        | Killed a centaur
    71 | D        | Reached skill level 7 in Fighting
    71 | D        | Reached XP level 3. HP: 34/36 MP: 3/3
    71 | D        | Reached XP level 4. HP: 41/43 MP: 4/4
    76 | D        | Killed an ogre
    76 | D        | Reached skill level 9 in Fighting
    76 | D        | Reached XP level 5. HP: 36/52 MP: 5/5
    81 | D        | Reached XP level 6. HP: 42/59 MP: 6/6
   174 | D        | Found a roughly hewn altar of Beogh.
   174 | D        | Found a snail-covered altar of Cheibriados.
   174 | D        | Found a shadowy altar of Dithmenos.
   174 | D        | Found a white marble altar of Elyvilon.
   174 | D        | Found a blossoming altar of Fedhas.
   174 | D        | Found an opulent altar of Gozag.
   175 | D        | Found a hazy altar of Hepliaklqana.
   176 | D        | Found a viscous altar of Jiyva.
   177 | D        | Found an ancient bone altar of Kikubaaqudgha.
   178 | D        | Found a corrupted altar of Lugonu.
   179 | D        | Found a burning altar of Makhleb.
   180 | D        | Found a sparkling altar of Nemelex Xobeh.
   181 | D        | Found an iron altar of Okawaru.
   182 | D        | Found a stormy altar of Qazlal.
   183 | D        | Found a sacrificial altar of Ru.
   184 | D        | Found a shimmering blue altar of Sif Muna.
   185 | D        | Found a bloodstained altar of Trog.
   186 | D        | Found a hide-covered altar of Uskayaw.
   187 | D        | Found a radiant altar of Vehumet.
   188 | D        | Found an ornate altar of the Wu Jian Council.
   189 | D        | Became a worshipper of Warmaster Okawaru
   190 | D        | Found a shimmering altar of Xom.
   191 | D        | Found a basalt altar of Yredelemnul.
   192 | D        | Found a glowing silver altar of Zin.
   193 | D        | Found a glowing golden altar of the Shining One.
   202 | D        | Found the +8 demon blade "Leech" {vamp, rN+ AC-3 EV-3}
   246 | D        | Noticed an ogre
   246 | D        | Noticed a hungry ghost
   246 | D        | Noticed a hungry ghost
   246 | D        | Noticed an unseen horror
   246 | D        | Noticed a two-headed ogre
   248 | D        | Killed an ogre
   248 | D        | Reached skill level 10 in Fighting
   256 | D        | Killed a hungry ghost
   256 | D        | Reached skill level 11 in Fighting
   256 | D        | Reached skill level 10 in Polearms
   256 | D        | Reached XP level 7. HP: 63/68 MP: 7/7
   262 | D        | Killed a hungry ghost
   262 | D        | Reached * piety under Okawaru
   267 | D        | Killed an unseen horror
   267 | D        | Reached ** piety under Okawaru
   267 | D        | Reached skill level 13 in Fighting
   267 | D        | Reached XP level 8. HP: 67/79 MP: 8/8
   271 | D        | Killed a two-headed ogre
   271 | D        | Reached *** piety under Okawaru
   271 | D        | Reached skill level 14 in Fighting
   271 | D        | Reached XP level 9. HP: 71/88 MP: 9/9
   339 | D        | Noticed a troll
   339 | D        | Noticed a troll
   339 | D        | Noticed a five-headed hydra
   339 | D        | Noticed a gargoyle
   339 | D        | Noticed a manticore
   342 | D        | Killed a troll
   342 | D        | Reached skill level 15 in Fighting
   354 | D        | Slain by a five-headed hydra

Levels and vault maps discovered:
D:        linesprint [early_d, line_temple, items_1, d_10, items_2, lair_1,
          lair_end, items_3, orc_1, orc_end, items_4, d_15, swamp_1, shoals_1,
          snake_1, spider_1, d_20, vaults_1, items_5, swamp_end, shoals_end,
          snake_end, spider_end, vaults_end, d_27, items_6, zot_1, zot_end,
          crypt_end, forest_end, elf_end, slime_end, tomb_end, abyss_end,
          pan_hell_end]

Skill      XL: |  1  2  3  4  5  6  7  8  9 |
---------------+----------------------------+-----
Fighting       | 4 7 9 11 13 14 15 | 15.0
Polearms       | 3 6 7 8 10 12 13 | 13.8
Armour         | |  3.2
Shields        | |  3.6

Action                   |  1- 3 |  4- 6 |  7- 9 || total
-------------------------+-------+-------+-------++-------
Melee: Trident           |    29 |    10 |    10 ||    49
       Halberd           |       |    10 |    18 ||    28
Invok: Heroism           |       |       |     1 ||     1
  Use: Potion            |     1 |       |       ||     1
  Eat: Chunk             |       |       |     1 ||     1
       Ration            |       |       |     1 ||     1
Armor: Scale mail        |     6 |       |       ||     6
       Plate armour      |       |     3 |    16 ||    19
Dodge: Dodged            |     6 |     5 |    10 ||    21
Block: Kite shield       |    15 |     6 |    17 ||    38

Table legend:
 A = Non-vault XP
 B = Vault XP
 C = Vault XP percentage of total XP
 D = Non-vault monster count
 E = Vault monster count
 F = Vault count percentage of total count
                 A         B        C        D         E       F
            +---------+---------+-------+---------+---------+-------
      Total |       0 |    2689 | 100.0 |       0 |      17 | 100.0
            +---------+---------+-------+---------+---------+-------
          D |       0 |    2689 | 100.0 |       0 |      17 | 100.0
            +---------+---------+-------+---------+---------+-------
